 Dungeon Crawl Stone Soup version 0.24.0-13-gcf9b319 (webtiles) character file.

Game seed: 7050155818788133453, levelgen mode: deterministic

22 mirrorencyclopedia the Skirmisher (level 2, 0/19 HPs)
             Began as a Gargoyle Artificer on Nov 9, 2019.
             Slain by a jackal (1 damage)
             ... on level 2 of the Dungeon.
             The game lasted 00:01:41 (1012 turns).

mirrorencyclopedia the Skirmisher (GrAr)            Turns: 1012, Time: 00:01:42

Health: 0/19       AC:  5    Str: 15    XL:     2   Next: 91%
Magic:  4/4        EV: 11    Int: 11    God:
Gold:   39         SH:  0    Dex: 10    Spells: 1/1 levels left

rFire    . . .     SeeInvis .   a - +0 short sword
rCold    . . .     Gourm    .   (no shield)
rNeg     + . .     Faith    .   b - +0 leather armour
rPois    ∞         Spirit   .   (no helmet)
rElec    +         Reflect  .   (no cloak)
rCorr    .         Harm     .   (no gloves)
MR       .....                  (no boots)
Stlth    +.........             (no amulet)
HPRegen  0.06/turn              (no ring)
MPRegen  0.09/turn              (no ring)

@: no status effects
A: negative energy resistance 1, electricity resistance, unbreathing,
petrification resistance, rot immunity, AC +2
a: no special abilities


You were on level 2 of the Dungeon.
You were not hungry.

You visited 1 branch of the dungeon, and saw 2 of its levels.

You collected 39 gold pieces.

Inventory:

Hand Weapons
 a - a +0 short sword (weapon)
Armour
 b - a +0 leather armour (worn)
 i - a +0 chain mail
 j - a +0 scale mail
Wands
 c - a wand of flame (12)
 d - a wand of enslavement (12)
 e - a wand of random effects (15)
Potions
 g - a potion of might {unknown}
 h - 2 potions of degeneration {unknown}
 k - a potion of curing {unknown}
Comestibles
 f - a ration


   Skills:
 + Level 3.1 Fighting
 - Level 0.8 Short Blades
 - Level 1.5 Dodging
 - Level 1.1 Stealth
 - Level 2.6 Evocations


You had one spell level left.
You didn't know any spells.
Your spell library was empty.

Dungeon Overview and Level Annotations

Branches:
Dungeon (2/15)

Altars:
Dithmenos


Innate Abilities, Weirdness & Mutations

You are resistant to torment.
Your stone body is resilient. (AC +2)
You are immune to poison.
You resist negative energy. (rN+)
You are resistant to electric shocks. (rElec)
You can survive without breathing.
You are immune to petrification.
You are immune to rotting.


Message History

The gnoll closely misses you. The jackal bites your gnoll.
Your gnoll hits the gnoll with a +0 spear.
The gnoll dies!
Your Fighting skill increases to level 3!
The jackal bites your gnoll. The jackal bites your gnoll.
Your gnoll misses the jackal. The gnoll hits your gnoll!
Your gnoll dies!
The jackal bites you but does no damage.
The jackal bites you.
* * * LOW HITPOINT WARNING * * *
Evoke which item? (* to show all) (? for menu, Esc to quit)
Aiming: Throw Flame
Press: ? - help, Shift-Dir - straight line, f - jackal
Aim: a jackal The puff of flame hits the jackal.
The jackal is severely wounded.
The jackal bites you.
You die...

..#h #.#. #..g #.. #.#
#.)########### #.#
#h)..##.....# #.#
####.##..#..######.#
###.gh..###(....##.#
#.##...##@.###..##.##.#
...#.#.###..#..###.##.#
#..#....##.....##..##.#
#..#..................#
##..#..##.........##...#
#...#.####..._...####..#
#.#..##..##.........##...#
#...<÷...................#
##.######..##.....##.....#


You could see a gnoll and a jackal.

Vanquished Creatures
  A leopard gecko (D:1)
  2 giant cockroaches
  3 goblins
  2 hobgoblins (D:1)
  A jackal (D:2)
  A kobold (D:2)
  A frilled lizard (D:1)
  3 rats (D:1)
14 creatures vanquished.

Vanquished Creatures (collateral kills)
  A gnoll (D:2)
  A frilled lizard (D:1)
2 creatures vanquished.

Vanquished Creatures (others)
  A gnoll (D:2)
1 creature vanquished.

Grand Total: 17 creatures vanquished

Notes
Turn   | Place    | Note
-------+----------+-------------------------------------------
     0 | D:1      | mirrorencyclopedia the Gargoyle Artificer began the quest
                  | for the Orb.
     0 | D:1      | Reached XP level 1. HP: 12/12 MP: 2/2
   106 | D:1      | Reached skill level 2 in Fighting
   119 | D:1      | Reached XP level 2. HP: 2/17 MP: 4/4
   799 | D:2      | Found a shadowy altar of Dithmenos.
  1006 | D:2      | Reached skill level 3 in Fighting
  1012 | D:2      | Slain by a jackal

Levels and vault maps discovered:
D:1:      lightli_arrival_lavapool, layout_basic, chequers_serial_rivers_micro_e
D:2:      layout_basic, overflow_temple_1_default, first_ration,
          nicolae_dithmenos_shadow_blocks

Skill      XL: |  1  2 |
---------------+-------+-----
Fighting       | 2 3 |  3.1
Short Blades   | |  0.8
Dodging        | |  1.5
Stealth        | |  1.1
Evocations     | |  2.6

Action                   || total
-------------------------++-------
Melee: Short sword       ||    56
Evoke: Wand              ||     6
  Use: Scroll            ||     1
Armor: Leather armour    ||    26
Dodge: Dodged            ||    53
